cohdb
Replays
Latest Replays
All Replays
Popular Replays
Top Player Replays
Match Explorer
How It Works
Community
CoH3 Stats
Reddit
Sign in to upload your games and track your stats! →
Sign in with Steam
Match 37265140
Unlisted
Match 37265140
Overview
Messages
Build Orders
End
Construct Infanterie Kompanie
Selects Luftwaffe Battlegroup
Selects Luftwaffe Pioneer Support
Fallschirmpioneer Squad Paradrop
MG 42 Machine Gun Team
Grenadier Squad
Medical Station
Selects Stuka Strafing Run
GrW 34 Mortar Team
Selects Fallschirmjäger Squad Paradrop
Fallschirmjäger Squad Paradrop
Construct Panzergrenadier Kompanie
Pak 40 Anti-tank Gun Team
Support Elements
StuG III G Assault Gun
Fallschirmjäger Squad Paradrop
Pak 40 Anti-tank Gun Team
Trollgubbe
HuntingEVER
STALKER4732
kit.ohume
0
0
Comments
sign in to comment!
No comments posted yet!